 Dungeon Crawl Stone Soup version 0.29.1-15-g9cfb28693d (webtiles) character file.

Game seed: 9241219032493689285

1820 Tirrikindir the Carver (level 9, -2/58 HPs)
             Began as an Octopode Fighter on Apr 16, 2023.
             Was a Plaything of Xom.
             Slain by an orc warrior
             ... wielding a +0 hand axe
              (7 damage)
             ... on level 6 of the Dungeon.
             The game lasted 00:17:53 (5411 turns).

Tirrikindir the Carver (Octopode Fighter)           Turns: 5411, Time: 00:17:54

Health: -2/58      AC:  1    Str: 16    XL:     9   Next: 10%
Magic:  9/9        EV: 15    Int:  9    God:    Xom [.*....]
Gold:   172        SH:  7    Dex: 20    Spells: 8/8 levels left

rFire   + . .      SeeInvis .   r - +5 dagger "Ruolali" {flame, rC++ rCorr Dex+2 Stlth+}
rCold   + + +      Faith    .   b - +1 buckler
rNeg    . . .      Spirit   .   (helmet restricted)
rPois   .          Reflect  .   (no amulet)
rElec   +          Harm     .   s - ring of protection from cold
rCorr   +          Rampage  .   (no ring)
Will    .....      Rage     3%  (no ring)
Stlth   +++++.....              (no ring)
HPRegen 0.19/turn               (no ring)
MPRegen 0.11/turn               (no ring)
                                (no ring)
                                (no ring)

@: no status effects
A: almost no armour, amphibious, 8 rings, camouflage 1, gelatinous body 1,
(nimble swimmer 1), tentacles, agile 1, berserk 1, fire resistance 1,
electricity resistance, wild magic 2, noise suppression
a: Renounce Religion


You were on level 6 of the Dungeon.
You worshipped Xom.
You were a plaything of Xom.
You visited 2 branches of the dungeon, and saw 7 of its levels.

You collected 293 gold pieces.
You spent 121 gold pieces at shops.

Inventory:

Hand Weapons
 a - a +0 long sword of venom
 r - the +5 dagger "Ruolali" (weapon) {flame, rC++ rCorr Dex+2 Stlth+}
   (You took it off a hobgoblin on level 3 of the Dungeon)

   It burns those it strikes, dealing additional fire damage.
   Dex:       It affects your dexterity (+2).
   rC:        It greatly protects you from cold.
   rCorr:     It protects you from acid and corrosion.
   Stlth:     It makes you more stealthy.
Missiles
 j - 13 poisoned darts (quivered)
Armour
 b - a +1 buckler (worn)
Jewellery
 s - a ring of protection from cold (left tentacle)
Wands
 e - a wand of flame (40)
Scrolls
 d - a scroll of blinking
 h - a scroll of poison
 k - a scroll of vulnerability {unknown}
 m - a scroll of identify
 t - 2 scrolls of amnesia
Potions
 c - a potion of haste {unknown}
 f - a potion of cancellation
 g - a potion of flight
 i - a potion of lignification
 l - a potion of resistance {unknown}
 n - 3 potions of heal wounds
 o - a potion of invisibility
 p - a potion of berserk rage {unknown}
 u - 2 potions of curing


   Skills:
 - Level 4.0 Fighting
 * Level 8.2 Long Blades
 - Level 3.0 Throwing
 - Level 4.0 Dodging
 - Level 6.0 Stealth
 - Level 5.0 Shields
 - Level 3.0 Evocations


You had 8 spell levels left.
You didn't know any spells.
Your spell library contained the following spells:

 Spells                   Type           Power      Damage    Failure   Level
 Inner Flame              Hex/Fire       0%         N/A       92%         3
 Cause Fear               Hex            0%         N/A       100%        4
 Discord                  Hex            0%         N/A       100%        8


Dungeon Overview and Level Annotations

Branches:
Dungeon (6/15)             Temple (1/1) D:6

Altars:
Ashenzari
Cheibriados
Elyvilon
Hepliaklqana
Kikubaaqudgha
Okawaru
Trog
Uskayaw
Vehumet
Xom
Yredelemnul
Zin

Shops:
D:2 !   D:4 :


Innate Abilities, Weirdness & Mutations

You cannot wear most types of armour.
You are amphibious.
You can wear up to eight rings at the same time.
Your skin changes colour to match your surroundings (Stealth+).
Your rubbery body absorbs attacks. (AC +1, EV +1)
((You are camouflaged when in or above water. (Stealth+)))
You have tentacles for arms and can constrict up to eight enemies at once.
You are agile. (Dex +4, Str/Int -1)
You sometimes lose your temper in combat.
Your flesh is heat resistant. (rF+)
You are resistant to electric shocks. (rElec)
Your spells are harder to cast, but more powerful.
You passively dampen the noise of your surroundings.


Message History

You detect items!
The orc warrior shouts!
The orc warrior barely misses you.
You hit the orc warrior. You burn the orc warrior. You grab the orc warrior.
You squeeze the orc warrior, but do no damage.
The orc warrior is moderately wounded.
You constrict the orc warrior.
The orc warrior hits you with a +0 hand axe!
You hit the orc warrior but do no damage.
The orc warrior is moderately wounded.
You constrict the orc warrior. The orc warrior closely misses you.
You hit the orc warrior but do no damage.
The orc warrior is moderately wounded.
You constrict the orc warrior.
The orc warrior hits you with a +0 hand axe.
You barely miss the orc warrior.
You squeeze the orc warrior, but do no damage.
The orc warrior is moderately wounded.
You constrict the orc warrior, but do no damage.
You hit the orc warrior but do no damage.
The orc warrior is moderately wounded.
You constrict the orc warrior, but do no damage.
Xom opens a gate.
You are now a plaything of Xom.
The orc warrior barely misses you.
You hit the orc warrior but do no damage.
The orc warrior is moderately wounded.
You constrict the orc warrior.
The orc warrior hits you with a +0 hand axe!
* * * LOW HITPOINT WARNING * * *
You hit the orc warrior but do no damage.
The orc warrior is heavily wounded.
You constrict the orc warrior.
The orc warrior hits you with a +0 hand axe!
* * * LOW HITPOINT WARNING * * *
You hit the orc warrior. You burn the orc warrior.
You squeeze the orc warrior, but do no damage.
The orc warrior is severely wounded.
You constrict the orc warrior.
The orc warrior hits you with a +0 hand axe!
You die...

##.#.# #..#.#.. h
##.##....
#.......#
#.#.########
##†#.###....#
#..#.. .....# #
##.######.#..# #.
#..†.....@o..#
#..#..#####.5..##
#......# #...<..#
#......# #.#.##.#
#>#....# #..... #
#+#....# ###.###
....... .#
.......## .#
........#


You could see an orc warrior (ally target) and a friendly iron imp (summoned).

Vanquished Creatures
  Prince Ribbit (D:5)
  Sigmund (D:2)
  Edmund (D:5)
  A water moccasin (D:6)
  2 black bears (D:6)
  An ogre (D:4)
  2 scorpions (D:5)
  A howler monkey (D:5)
  2 jellies
  4 orc priests (D:3)
  6 hounds
  3 iguanas
  Natasha (twice) (D:2)
  Terence (D:2)
  2 orc wizards
  7 gnolls
  7 adders
  7 worms
  A dart slug (D:2)
  9 orcs
  8 ball pythons
  9 bats
  10 endoplasms
  A giant cockroach (D:1)
  7 goblins
  5 hobgoblins
  10 jackals
  6 quokkas
  3 frilled lizards
  9 kobolds
  8 rats
137 creatures vanquished.

Vanquished Creatures (collateral kills)
  An orc wizard (D:6)
  2 orcs (D:6)
3 creatures vanquished.

Vanquished Creatures (others)
  Ijyb (D:5)
  An iguana (D:5)
  An orc (D:6)
  3 plants (D:3)
6 creatures vanquished.

Grand Total: 146 creatures vanquished

Notes
Turn   | Place    | Note
-------+----------+-------------------------------------------
     0 | D:1      | Tirrikindir the Octopode Fighter began the quest for the
                  | Orb.
     0 | D:1      | Reached XP level 1. HP: 16/16 MP: 1/1
   200 | D:1      | Reached XP level 2. HP: 21/21 MP: 2/2
   610 | D:1      | Reached skill level 1 in Stealth
   626 | D:1      | Found a faded altar of an unknown god.
   642 | D:1      | Prayed at the altar of an unknown god.
   642 | D:1      | Became a worshipper of Xom the Random
   679 | D:1      | Reached XP level 3. HP: 16/26 MP: 3/3
  1098 | D:2      | Found Raamon's Distillery.
  1111 | D:2      | Bought a potion of curing for 33 gold pieces
  1133 | D:1      | XOM: divination: magic mapping
  1212 | D:2      | Noticed Terence
  1219 | D:2      | Killed Terence
  1220 | D:2      | Reached XP level 4. HP: 26/31 MP: 4/4
  1325 | D:2      | XOM: 3-stop teleportation journey
  1491 | D:2      | XOM: silly message
  1508 | D:2      | Noticed Sigmund
  1514 | D:2      | Killed Sigmund
  1515 | D:2      | Reached skill level 3 in Long Blades
  1515 | D:2      | Reached skill level 1 in Throwing
  1515 | D:2      | Reached XP level 5. HP: 36/36 MP: 5/5
  1515 | D:2      | Reached XP level 6. HP: 42/42 MP: 6/6
  1568 | D:2      | Noticed Natasha
  1582 | D:2      | Killed Natasha
  1649 | D:2      | XOM: silly message
  2212 | D:3      | Identified the +5 dagger "Ruolali" {flame, rC++ rCorr Dex+2
                  | Stlth+}
  2480 | D:3      | XOM: divination: detect items
  2712 | D:3      | Reached XP level 7. HP: 25/48 MP: 7/7
  3026 | D:3      | XOM is BORED!
  3060 | D:4      | XOM: silly message
  3108 | D:4      | Found Byech's Book Boutique.
  3157 | D:4      | Gained mutation: You sometimes lose your temper in combat.
                  | [potion of mutation]
  3157 | D:4      | Gained mutation: Your spells are a little harder to cast,
                  | but a little more powerful. [potion of mutation]
  3167 | D:4      | Identified the +1 robe of a bazaar {+Blink rElec rPois rF-}
  3304 | D:2      | Noticed Natasha
  3310 | D:2      | Killed Natasha
  3340 | D:2      | Bought a potion of heal wounds for 55 gold pieces
  3340 | D:2      | Bought a potion of lignification for 33 gold pieces
  3436 | D:4      | Identified the +7 chain mail "Dorihis" {Str+4 Int-2 SInv}
  3581 | D:4      | XOM: noise
  3583 | D:4      | Reached skill level 4 in Long Blades
  3583 | D:4      | Reached skill level 1 in Evocations
  3736 | D:4      | XOM: silly message
  3740 | D:4      | XOM: silly message
  3821 | D:5      | Entered Level 5 of the Dungeon
  3872 | D:5      | Noticed Prince Ribbit
  3879 | D:5      | XOM: potion effect (invisibility)
  3880 | D:5      | Killed Prince Ribbit
  3881 | D:5      | Reached skill level 5 in Stealth
  3881 | D:5      | Reached XP level 8. HP: 50/54 MP: 8/8
  3927 | D:5      | Noticed Edmund
  3933 | D:5      | Noticed Ijyb
  3938 | D:5      | Reached skill level 5 in Long Blades
  3938 | D:5      | Reached skill level 5 in Shields
  3939 | D:5      | Killed Ijyb
  3939 | D:5      | XOM: divine lightning
  3941 | D:5      | Killed Edmund
  4116 | D:5      | Identified the +2 leather armour of Feotz {rN++ Dex-5}
  4158 | D:5      | XOM: god gift: staff of poison
  4231 | D:5      | XOM: give mutation
  4231 | D:5      | Gained mutation: Your flesh is heat resistant. (rF+) [Xom's
                  | grace]
  4369 | D:5      | Reached skill level 6 in Long Blades
  4649 | D:6      | Found a staircase to the Ecumenical Temple.
  4661 | Temple   | Entered the Ecumenical Temple
  4669 | Temple   | XOM: god gift: 28 gold pieces
  4786 | Temple   | XOM: give mutations
  4786 | Temple   | Gained mutation: You passively dampen the noise of your
                  | surroundings. [Xom's grace]
  4786 | Temple   | Gained mutation: Your spells are harder to cast, but more
                  | powerful. [Xom's grace]
  4786 | Temple   | Gained mutation: You are resistant to electric shocks.
                  | (rElec) [Xom's grace]
  5104 | D:6      | XOM: give mutation
  5104 | D:6      | Gained mutation: You are agile. (Dex +4, Str/Int -1) [Xom's
                  | grace]
  5137 | D:6      | XOM: divine lightning
  5140 | D:6      | XOM: divination: detect creatures
  5146 | D:6      | Reached skill level 7 in Long Blades
  5359 | D:6      | Reached XP level 9. HP: 39/58 MP: 9/9
  5363 | D:6      | Reached skill level 8 in Long Blades
  5401 | D:6      | XOM: divination: detect items
  5408 | D:6      | XOM: summons friendly iron imp
  5411 | D:6      | Slain by an orc warrior

Illustrated notes

Levels and vault maps discovered:
D:1:      giann_wishing_wells, layout_basic, hellmonk_ecumenical_altar_lost_god
D:2:      layout_loops_cross, serial_shops, nicolae_shop_statue_plus,
          uniq_natasha, uniq_terence, uniq_sigmund
D:3:      layout_basic, minmay_shallow_snake_nest
D:4:      layout_cave_pools, serial_shops, nicolae_diamond_shop, serial_park,
          serial_park_paths [serial_park_minivault_5x5_8], serial_park_gazebo
          [serial_park_minivault_5x5_7], serial_park_tiny_1
D:5:      layout_loops_ring, minmay_stone_trees_small, nicolae_wormholes,
          uniq_prince_ribbit1, uniq_ijyb, uniq_edmund
D:6:      layout_basic, nicolae_overflow_hallway_of_the_gods,
          minmay_temple_entry_glass
Temple:   hellmonk_temple_forest_ring

Skill      XL: |  1  2  3  4  5  6  7  8  9 |
---------------+----------------------------+-----
Stealth        | 1 3 4 5 6 |  6.0
Long Blades    | 3 4 7 8 |  8.2
Throwing       | 1 2 3 |  3.0
Dodging        | 4 |  4.0
Shields        | 4 5 |  5.0
Fighting       | 4 |  4.0
Evocations     | 2 3 |  3.0

Action                   |  1- 3 |  4- 6 |  7- 9 || total
-------------------------+-------+-------+-------++-------
Melee: Long sword        |    59 |    68 |       ||   127
       Tentacles         |     7 |    19 |    40 ||    66
       Constrict         |    10 |    31 |    28 ||    69
       Punch             |     2 |     1 |     2 ||     5
       Dagger            |       |    31 |   135 ||   166
Throw: Dart              |     1 |     5 |     6 ||    12
  Use: Scroll            |     4 |     2 |     8 ||    14
       Potion            |       |     2 |     4 ||     6
 Stab: Sleeping          |     6 |     8 |    13 ||    27
       Invisible         |       |       |     1 ||     1
Armor: Skin              |     3 |     4 |     7 ||    14
Dodge: Dodged            |    37 |    46 |    66 ||   149
Block: Buckler           |    12 |    22 |    24 ||    58
